Workbook

Sheet INGREDIENTS
A1: TYPE | B1: PRODUIT | C1: UNITE | D1: PRIX € HT | E1: MARQUE | F1: CONDITIONNER | G1: DATE
A2: Pate | B2: Farine | C2: Kg | D2: 0.85 | J2: TVA
B3: Levure | C3: Kg | D3: 2 | J3: 0.055
A4: Bases | B4: Coulis de Tomate | C4: Kg | D4: 2 | K4: RECETTES 1 | M4: Kilos | N4: Prix de revient
B5: Crème Fraiche | C5: Kg | D5: 2 | L5: FARINE | M5: 1 | N5: =SUM(M5*INGREDIENTS!$D$2/1) -> 0.85
A6: Fromages | B6: Mozzarella cossette | C6: Kg | D6: 2 | L6: EAU | M6: 0.5 | N6: 0.01
B7: Mozzarella bloc | C7: Kg | D7: 2 | L7: Levure fraiche | M7: 0.014 | N7: =SUM(M7*INGREDIENTS!$D$3/1) -> 0.028
B8: Paremesan | C8: Kg | D8: 2 | L8: Huile d'olives | M8: 0.03 | N8: =SUM(M8*INGREDIENTS!$D$47/1) -> 0.06
B9: Chèvre | C9: Kg | D9: 2 | L9: Sel | M9: 15 | N9: 0.01
B10: Roquefort | C10: Kg | D10: 2 | M10: Total 3 patons | N10: =SUM(N5:N9) -> 0.958
B11: St Nectaire | C11: Kg | D11: 2 | M11: TOTAL 1 PATON | N11: =N10/3 -> 0.31933333
B12: Emmental | C12: Kg | D12: 2
A13: Légumes | B13: Tomates Cœur de B | C13: Kg | D13: 2
B14: Poivrons rouge | C14: Kg | D14: 2 | K14: Unité | L14: Produit Brut | M14: Pate | N14: Paton pizza
B15: Poivrons vert | C15: Kg | D15: 2 | K15: Gr | L15: 365 | M15: 750 | N15: 280
B16: Courgette | C16: Kg | D16: 2
B17: Piments Rouges | C17: Kg | D17: 2
B18: Oignons Jaunes | C18: Kg | D18: 2
B19: Oignons Rouges | C19: Kg | D19: 2
B20: Echalottes | C20: Kg | D20: 2
B21: Ail Viloet | C21: Kg | D21: 2 | K21: Renseigner les prix au Kilo pour chaque ingredient, etablir les recettes sur les bases rouges et blanche (Garniture Tomate 70 gr etc….) après les calculs sont automatiques.
B22: Champignon Paris | C22: Kg | D22: 2
B23: Cèpes | C23: Kg | D23: 2
B24: Roquette | C24: Kg | D24: 2
B25: Basilic | C25: Kg | D25: 2
B26: Persil frais | C26: Kg | D26: 2
B27: Ciboulette | C27: Kg | D27: 2
A28: Fruits | B28: Olives Verte | C28: Kg | D28: 2
B29: Olives Noir | C29: Kg | D29: 2
B30: Citron Jaune | C30: Kg | D30: 2
B31: Miel | C31: Kg | D31: 2
B32: Ananas | C32: Kg | D32: 2
A33: Viande poissons | B33: Bœuf | C33: Kg | D33: 2
B34: Poulet | C34: Kg | D34: 2
B35: Canard magret | C35: Kg | D35: 2
B36: Jambon Serano | C36: Kg | D36: 2
B37: Jambon blanc | C37: Kg | D37: 2
B38: Chorizo | C38: Kg | D38: 2
B39: Anchois | C39: Kg | D39: 2
B40: Saumon Filet | C40: Kg | D40: 2
B41: Saumon Fumé | C41: Kg | D41: 2
A42: Epices | B42: Sel | C42: Kg | D42: 2
B43: Poivre | C43: Kg | D43: 2
B44: Cury | C44: Kg | D44: 2
B45: Moutarde de dijon | C45: Kg | D45: 2
B46: Origan | C46: Kg | D46: 2
B47: Huile D'olive | C47: L | D47: 2

Sheet BASES ROUGES
A1: DESIGNATION | B1: GARNITURES | D1: Qt gr | E1: Kilos | F1: COUT DE REVIENT € | H1: TOTAL REVIENT GARNITURES HT à 5,5% | J1: =SUM(F2:F8) -> 0.39 | N1: Prix moyen des Pizzas Rouges | P1: Pizza sur carte | Q1: Ø31 | R1: Prix de revient moyen bases rouges | T1: =(J3+J13+J24+J34+J44+J54+J64+J74+J84+J94+J104)/11 -> 0.96369697 | U1: TVA Reversée Moyen | X1: 0.18
A2: Recette 1 | B2: Tomate | D2: 80 | E2: =D2/1000 -> 0.08 | F2: =SUM(E2*INGREDIENTS!$D$4/1) -> 0.16 | H2: TOTAL REVIENT PATON HT à 5,5% | J2: =INGREDIENTS!$N$11 -> 0.31933333 | N2: =SUM((J5+J15+J26+J36+J46+J56+J66+J76+J86+J96+J106)/11) -> 5.8594976 | P2: 11 | U2: =SUM(J9,J19,J30,J40,J50,J60,J70,J80,J90,J100,J110)/P2 -> 0.26767237 | X2: =N2*X1 -> 1.0547096
B3: Mozzarella | D3: 100 | E3: =D3/1000 -> 0.1 | F3: =SUM(E3*INGREDIENTS!$D$6/1) -> 0.2 | H3: TOTAL PRIX DE REVIENT | J3: =SUM(J1+J2) -> 0.70933333
B4: Basilic | D4: 5 | E4: =D4/1000 -> 0.005 | F4: =SUM(E4*INGREDIENTS!$D$22/1) -> 0.01 | H4: % DE MARGE BRUTE | J4: 8.1
B5: Huile d'Olive | D5: 10 | E5: =D5/1000 -> 0.01 | F5: =SUM(E5*INGREDIENTS!$D$47/1) -> 0.02 | H5: PRIX DE VENTE TTC à 5,5% | J5: =SUM((J3*J4)+J3) -> 6.4549333 | N5: PIZZA | O5: Marges B | P5: Bénéfices b | Q5: Prix de vente | R5: Prix de revient
H6: BENEFICES BRUTS | J6: =SUM((J5-(J1+J2))) -> 5.7456 | N6: recette 1 | O6: =J4 -> 8.1 | P6: =J6 -> 5.7456 | Q6: =J5 -> 6.4549333 | R6: =J3 -> 0.70933333
H7: TVA | I7: TVA déductible | J7: =SUM(J1+J2)*INGREDIENTS!$J$3 -> 0.039013333 | N7: recette 2 | O7: =J14 -> 6.05 | P7: =J16 -> 6.5299667 | Q7: =J15 -> 7.6093 | R7: =J13 -> 1.0793333
I8: TVA Collectée | J8: =J5*INGREDIENTS!$J$3 -> 0.35502133 | N8: recette 3 | O8: =J25 -> 5.2 | P8: =J27 -> 4.0733333 | Q8: =J26 -> 4.8566667 | R8: =J24 -> 0.78333333
I9: TVA Reverssée | J9: =J8-J7 -> 0.316008 | N9: recette 4 | O9: =J35 -> 6.4 | P9: =J37 -> 5.7557333 | Q9: =J36 -> 6.6550667 | R9: =J34 -> 0.89933333
N10: recette 5 | O10: =J45 -> 3.58 | P10: =J47 -> 3.7924133 | Q10: =J46 -> 4.8517467 | R10: =J44 -> 1.0593333
A11: DESIGNATION | B11: GARNITURES | D11: Qt gr | E11: Kilos | F11: COUT DE REVIENT € | H11: TOTAL REVIENT GARNITURES HT à 5,5% | J11: =SUM(F12:F18) -> 0.76 | N11: recette 6 | O11: =J55 -> 4.68 | P11: =J57 -> 4.91088 | Q11: =J56 -> 5.9602133 | R11: =J54 -> 1.0493333
A12: Recette 2 | B12: Tomate | D12: 80 | E12: =D12/1000 -> 0.08 | F12: =SUM(E12*INGREDIENTS!$D$4/1) -> 0.16 | H12: TOTAL REVIENT PATON HT à 5,5% | J12: =INGREDIENTS!$N$11 -> 0.31933333 | N12: recette 7 | O12: =J65 -> 8 | P12: =J67 -> 7.6746667 | Q12: =J66 -> 8.634 | R12: =J64 -> 0.95933333
B13: Mozzarella | D13: 100 | E13: =D13/1000 -> 0.1 | F13: =SUM(E13*INGREDIENTS!$D$6/1) -> 0.2 | H13: TOTAL PRIX DE REVIENT | J13: =SUM(J11+J12) -> 1.0793333 | N13: recette 8 | O13: =J75 -> 4.15 | P13: =J77 -> 3.6658333 | Q13: =J76 -> 4.5491667 | R13: =J74 -> 0.88333333
B14: Champignons de Paris | D14: 100 | E14: =D14/1000 -> 0.1 | F14: =SUM(E14*INGREDIENTS!$D$22/1) -> 0.2 | H14: % DE MARGE BRUTE | J14: 6.05 | N14: recette 9 | O14: =J85 -> 4 | P14: =J87 -> 4.6373333 | Q14: =J86 -> 5.7966667 | R14: =J84 -> 1.1593333
B15: Jambon Blanc | D15: 100 | E15: =D15/1000 -> 0.1 | F15: =SUM(E15*INGREDIENTS!$D$37/1) -> 0.2 | H15: PRIX DE VENTE TTC à 5,5% | J15: =SUM((J13*J14)+J13) -> 7.6093 | N15: recette 10 | O15: =J95 -> 2.28 | P15: =J97 -> 2.41528 | Q15: =J96 -> 3.4746133 | R15: =J94 -> 1.0593333
H16: BENEFICES BRUTS | J16: =SUM((J15-(J11+J12))) -> 6.5299667 | N16: recette 11 | O16: =J105 -> 4.85 | P16: =J107 -> 4.6527667 | Q16: =J106 -> 5.6121 | R16: =J104 -> 0.95933333
H17: TVA | I17: TVA déductible | J17: =SUM(J11+J12)*INGREDIENTS!$J$3 -> 0.059363333
I18: TVA Collectée | J18: =J15*INGREDIENTS!$J$3 -> 0.4185115
I19: TVA Reverssée | J19: =J18-J17 -> 0.35914817
A22: DESIGNATION | B22: GARNITURES | D22: Qt gr | E22: Kilos | F22: COUT DE REVIENT € | H22: TOTAL REVIENT GARNITURES HT à 5,5% | J22: =SUM(F23:F29) -> 0.464
D23: 80 | E23: =D23/1000 -> 0.08 | F23: =SUM(E23*INGREDIENTS!$D$4/1) -> 0.16 | H23: TOTAL REVIENT PATON 190 GR HT à 5,5% | J23: =INGREDIENTS!$N$11 -> 0.31933333
D24: 100 | E24: =D24/1000 -> 0.1 | F24: =SUM(E24*INGREDIENTS!$D$6/1) -> 0.2 | H24: TOTAL PRIX DE REVIENT | J24: =SUM(J22+J23) -> 0.78333333
D25: 20 | E25: =D25/1000 -> 0.02 | F25: =SUM(E25*INGREDIENTS!$D$39/1) -> 0.04 | H25: % DE MARGE BRUTE | J25: 5.2
D26: 20 | E26: =D26/1000 -> 0.02 | F26: =SUM(E26*INGREDIENTS!$D$29/1) -> 0.04 | H26: PRIX DE VENTE TTC à 5,5% | J26: =SUM((J24*J25)+J24) -> 4.8566667
D27: 2 | E27: =D27/1000 -> 0.002 | F27: =SUM(E27*INGREDIENTS!$D$29/1) -> 0.004 | H27: BENEFICES BRUTS | J27: =SUM((J26-(J22+J23))) -> 4.0733333
D28: 10 | E28: =D28/1000 -> 0.01 | F28: =SUM(E28*INGREDIENTS!$D$29/1) -> 0.02 | H28: TVA | I28: TVA déductible | J28: =SUM(J22+J23)*INGREDIENTS!$J$3 -> 0.043083333
I29: TVA Collectée | J29: =J26*INGREDIENTS!$J$3 -> 0.26711667
I30: TVA Reverssée | J30: =J29-J28 -> 0.22403333
A32: DESIGNATION | B32: GARNITURES | D32: Qt gr | E32: Kilos | F32: COUT DE REVIENT € | H32: TOTAL REVIENT GARNITURES HT à 5,5% | J32: =SUM(F33:F39) -> 0.58
D33: 50 | E33: =D33/1000 -> 0.05 | F33: =SUM(E33*INGREDIENTS!$D$4/1) -> 0.1 | H33: TOTAL REVIENT PATON HT à 5,5% | J33: =INGREDIENTS!$N$11 -> 0.31933333
D34: 100 | E34: =D34/1000 -> 0.1 | F34: =SUM(E34*INGREDIENTS!$D$6/1) -> 0.2 | H34: TOTAL PRIX DE REVIENT | J34: =SUM(J32+J33) -> 0.89933333
D35: 80 | E35: =D35/1000 -> 0.08 | F35: =SUM(E35*INGREDIENTS!$D$13/1) -> 0.16 | H35: % DE MARGE BRUTE | J35: 6.4
D36: 40 | E36: =D36/1000 -> 0.04 | F36: =SUM(E36*INGREDIENTS!$D$19/1) -> 0.08 | H36: PRIX DE VENTE TTC à 5,5% | J36: =SUM((J34*J35)+J34) -> 6.6550667
D37: 20 | E37: =D37/1000 -> 0.02 | F37: =SUM(E37*INGREDIENTS!$D$28/1) -> 0.04 | H37: BENEFICES BRUTS | J37: =SUM((J36-(J32+J33))) -> 5.7557333
H38: TVA | I38: TVA déductible | J38: =SUM(J32+J33)*INGREDIENTS!$J$3 -> 0.049463333
I39: TVA Collectée | J39: =J36*INGREDIENTS!$J$3 -> 0.36602867
I40: TVA Reverssée | J40: =J39-J38 -> 0.31656533
A42: DESIGNATION | B42: GARNITURES | D42: Qt gr | E42: Kilos | F42: COUT DE REVIENT € | H42: TOTAL REVIENT GARNITURES HT à 5,5% | J42: =SUM(F43:F49) -> 0.74
D43: 50 | E43: =D43/1000 -> 0.05 | F43: =SUM(E43*INGREDIENTS!$D$4/1) -> 0.1 | H43: TOTAL REVIENT PATON HT à 5,5% | J43: =INGREDIENTS!$N$11 -> 0.31933333
D44: 100 | E44: =D44/1000 -> 0.1 | F44: =SUM(E44*INGREDIENTS!$D$6/1) -> 0.2 | H44: TOTAL PRIX DE REVIENT | J44: =SUM(J42+J43) -> 1.0593333
D45: 40 | E45: =D45/1000 -> 0.04 | F45: =SUM(E45*INGREDIENTS!$D$18/1) -> 0.08 | H45: % DE MARGE BRUTE | J45: 3.58
D46: 40 | E46: =D46/1000 -> 0.04 | F46: =SUM(E46*INGREDIENTS!$D$14/1) -> 0.08 | H46: PRIX DE VENTE TTC à 5,5% | J46: =SUM((J44*J45)+J44) -> 4.8517467
D47: 40 | E47: =D47/1000 -> 0.04 | F47: =SUM(E47*INGREDIENTS!$D$15/1) -> 0.08 | H47: BENEFICES BRUTS | J47: =SUM((J46-(J42+J43))) -> 3.7924133
D48: 100 | E48: =D48/1000 -> 0.1 | F48: =SUM(E48*INGREDIENTS!$D$38/1) -> 0.2 | H48: TVA | I48: TVA déductible | J48: =SUM(J42+J43)*INGREDIENTS!$J$3 -> 0.058263333
I49: TVA Collectée | J49: =J46*INGREDIENTS!$J$3 -> 0.26684607
I50: TVA Reverssée | J50: =J49-J48 -> 0.20858273
A52: DESIGNATION | B52: GARNITURES | D52: Qt gr | E52: Kilos | F52: COUT DE REVIENT € | H52: TOTAL REVIENT GARNITURES HT à 5,5% | J52: =SUM(F53:F59) -> 0.73
D53: 50 | E53: =D53/1000 -> 0.05 | F53: =SUM(E53*INGREDIENTS!$D$4/1) -> 0.1 | H53: TOTAL REVIENT PATON HT à 5,5% | J53: =INGREDIENTS!$N$11 -> 0.31933333
D54: 80 | E54: =D54/1000 -> 0.08 | F54: =SUM(E54*INGREDIENTS!$D$6/1) -> 0.16 | H54: TOTAL PRIX DE REVIENT | J54: =SUM(J52+J53) -> 1.0493333
D55: 40 | E55: =D55/1000 -> 0.04 | F55: =SUM(E55*INGREDIENTS!$D$19/1) -> 0.08 | H55: % DE MARGE BRUTE | J55: 4.68
D56: 40 | E56: =D56/1000 -> 0.04 | F56: =SUM(E56*INGREDIENTS!$D$14/1) -> 0.08 | H56: PRIX DE VENTE TTC à 5,5% | J56: =SUM((J54*J55)+J54) -> 5.9602133
D57: 150 | E57: =D57/1000 -> 0.15 | F57: =SUM(E57*INGREDIENTS!$D$34/1) -> 0.3 | H57: BENEFICES BRUTS | J57: =SUM((J56-(J52+J53))) -> 4.91088
D58: 5 | E58: =D58/1000 -> 0.005 | F58: =SUM(E58*INGREDIENTS!$D$17/1) -> 0.01 | H58: TVA | I58: TVA déductible | J58: =SUM(J52+J53)*INGREDIENTS!$J$3 -> 0.057713333
I59: TVA Collectée | J59: =J56*INGREDIENTS!$J$3 -> 0.32781173
I60: TVA Reverssée | J60: =J59-J58 -> 0.2700984
A62: DESIGNATION | B62: GARNITURES | D62: Qt gr | E62: Kilos | F62: COUT DE REVIENT € | H62: TOTAL REVIENT GARNITURES HT à 5,5% | J62: =SUM(F63:F69) -> 0.64
D63: 50 | E63: =D63/1000 -> 0.05 | F63: =SUM(E63*INGREDIENTS!$D$4/1) -> 0.1 | H63: TOTAL REVIENT PATON HT à 5,5% | J63: =INGREDIENTS!$N$11 -> 0.31933333
D64: 80 | E64: =D64/1000 -> 0.08 | F64: =SUM(E64*INGREDIENTS!$D$6/1) -> 0.16 | H64: TOTAL PRIX DE REVIENT | J64: =SUM(J62+J63) -> 0.95933333
D65: 40 | E65: =D65/1000 -> 0.04 | F65: =SUM(E65*INGREDIENTS!$D$19/1) -> 0.08 | H65: % DE MARGE BRUTE | J65: 8
D66: 40 | E66: =D66/1000 -> 0.04 | F66: =SUM(E66*INGREDIENTS!$D$14/1) -> 0.08 | H66: PRIX DE VENTE TTC à 5,5% | J66: =SUM((J64*J65)+J64) -> 8.634
D67: 60 | E67: =D67/1000 -> 0.06 | F67: =SUM(E67*INGREDIENTS!$D$16/1) -> 0.12 | H67: BENEFICES BRUTS | J67: =SUM((J66-(J62+J63))) -> 7.6746667
D68: 50 | E68: =D68/1000 -> 0.05 | F68: =SUM(E68*INGREDIENTS!$D$22/1) -> 0.1 | H68: TVA | I68: TVA déductible | J68: =SUM(J62+J63)*INGREDIENTS!$J$3 -> 0.052763333
I69: TVA Collectée | J69: =J66*INGREDIENTS!$J$3 -> 0.47487
I70: TVA Reverssée | J70: =J69-J68 -> 0.42210667
A72: DESIGNATION | B72: GARNITURES | D72: Qt gr | E72: Kilos | F72: COUT DE REVIENT € | H72: TOTAL REVIENT GARNITURES HT à 5,5% | J72: =SUM(F73:F79) -> 0.564
D73: 50 | E73: =D73/1000 -> 0.05 | F73: =SUM(E73*INGREDIENTS!$D$4/1) -> 0.1 | H73: TOTAL REVIENT PATON HT à 5,5% | J73: =INGREDIENTS!$N$11 -> 0.31933333
D74: 80 | E74: =D74/1000 -> 0.08 | F74: =SUM(E74*INGREDIENTS!$D$6/1) -> 0.16 | H74: TOTAL PRIX DE REVIENT | J74: =SUM(J72+J73) -> 0.88333333
D75: 50 | E75: =D75/1000 -> 0.05 | F75: =SUM(E75*INGREDIENTS!$D$10/1) -> 0.1 | H75: % DE MARGE BRUTE | J75: 4.15
D76: 80 | E76: =D76/1000 -> 0.08 | F76: =SUM(E76*INGREDIENTS!$D$6/1) -> 0.16 | H76: PRIX DE VENTE TTC à 5,5% | J76: =SUM((J74*J75)+J74) -> 4.5491667
D77: 20 | E77: =D77/1000 -> 0.02 | F77: =SUM(E77*INGREDIENTS!$D$29/1) -> 0.04 | H77: BENEFICES BRUTS | J77: =SUM((J76-(J72+J73))) -> 3.6658333
D78: 2 | E78: =D78/1000 -> 0.002 | F78: =SUM(E78*INGREDIENTS!$D$29/1) -> 0.004 | H78: TVA | I78: TVA déductible | J78: =SUM(J73+J74)*INGREDIENTS!$J$3 -> 0.066146667
I79: TVA Collectée | J79: =J76*INGREDIENTS!$J$3 -> 0.25020417
I80: TVA Reverssée | J80: =J79-J78 -> 0.1840575
A82: DESIGNATION | B82: GARNITURES | D82: Qt gr | E82: Kilos | F82: COUT DE REVIENT € | H82: TOTAL REVIENT GARNITURES HT à 5,5% | J82: =SUM(F83:F89) -> 0.84
D83: 50 | E83: =D83/1000 -> 0.05 | F83: =SUM(E83*INGREDIENTS!$D$4/1) -> 0.1 | H83: TOTAL REVIENT PATON HT à 5,5% | J83: =INGREDIENTS!$N$11 -> 0.31933333
D84: 80 | E84: =D84/1000 -> 0.08 | F84: =SUM(E84*INGREDIENTS!$D$6/1) -> 0.16 | H84: TOTAL PRIX DE REVIENT | J84: =SUM(J82+J83) -> 1.1593333
D85: 50 | E85: =D85/1000 -> 0.05 | F85: =SUM(E85*INGREDIENTS!$D$22/1) -> 0.1 | H85: % DE MARGE BRUTE | J85: 4
D86: 25 | E86: =D86/1000 -> 0.025 | F86: =SUM(E86*INGREDIENTS!$D$14/1) -> 0.05 | H86: PRIX DE VENTE TTC à 5,5% | J86: =SUM((J84*J85)+J84) -> 5.7966667
D87: 25 | E87: =D87/1000 -> 0.025 | F87: =SUM(E87*INGREDIENTS!$D$15/1) -> 0.05 | H87: BENEFICES BRUTS | J87: =SUM((J86-(J82+J83))) -> 4.6373333
D88: 40 | E88: =D88/1000 -> 0.04 | F88: =SUM(E88*INGREDIENTS!$D$18/1) -> 0.08 | H88: TVA | I88: TVA déductible | J88: =SUM(J82+J83)*INGREDIENTS!$J$3 -> 0.063763333
D89: 150 | E89: =D89/1000 -> 0.15 | F89: =SUM(E89*INGREDIENTS!$D$33/1) -> 0.3 | I89: TVA Collectée | J89: =J86*INGREDIENTS!$J$3 -> 0.31881667
I90: TVA Reverssée | J90: =J89-J88 -> 0.25505333
A92: DESIGNATION | B92: GARNITURES | D92: Qt gr | E92: Kilos | F92: COUT DE REVIENT € | H92: TOTAL REVIENT GARNITURES HT à 5,5% | J92: =SUM(F93:F99) -> 0.74
D93: 50 | E93: =D93/1000 -> 0.05 | F93: =SUM(E93*INGREDIENTS!$D$4/1) -> 0.1 | H93: TOTAL REVIENT PATON HT à 5,5% | J93: =INGREDIENTS!$N$11 -> 0.31933333
D94: 80 | E94: =D94/1000 -> 0.08 | F94: =SUM(E94*INGREDIENTS!$D$6/1) -> 0.16 | H94: TOTAL PRIX DE REVIENT | J94: =SUM(J92+J93) -> 1.0593333
D95: 150 | E95: =D95/1000 -> 0.15 | F95: =SUM(E95*INGREDIENTS!$D$36/1) -> 0.3 | H95: % DE MARGE BRUTE | J95: 2.28
D96: 40 | E96: =D96/1000 -> 0.04 | F96: =SUM(E96*INGREDIENTS!$D$19/1) -> 0.08 | H96: PRIX DE VENTE TTC à 5,5% | J96: =SUM((J94*J95)+J94) -> 3.4746133
D97: 40 | E97: =D97/1000 -> 0.04 | F97: =SUM(E97*INGREDIENTS!$D$8/1) -> 0.08 | H97: BENEFICES BRUTS | J97: =SUM((J96-(J92+J93))) -> 2.41528
D98: 10 | E98: =D98/1000 -> 0.01 | F98: =SUM(E98*INGREDIENTS!$D$24/1) -> 0.02 | H98: TVA | I98: TVA déductible | J98: =SUM(J92+J93)*INGREDIENTS!$J$3 -> 0.058263333
I99: TVA Collectée | J99: =J96*INGREDIENTS!$J$3 -> 0.19110373
I100: TVA Reverssée | J100: =J99-J98 -> 0.1328404
A102: DESIGNATION | B102: GARNITURES | D102: Qt gr | E102: Kilos | F102: COUT DE REVIENT € | H102: TOTAL REVIENT GARNITURES HT à 5,5% | J102: =SUM(F103:F109) -> 0.64
D103: 50 | E103: =D103/1000 -> 0.05 | F103: =SUM(E103*INGREDIENTS!$D$4/1) -> 0.1 | H103: TOTAL REVIENT PATON HT à 5,5% | J103: =INGREDIENTS!$N$11 -> 0.31933333
D104: 80 | E104: =D104/1000 -> 0.08 | F104: =SUM(E104*INGREDIENTS!$D$6/1) -> 0.16 | H104: TOTAL PRIX DE REVIENT | J104: =SUM(J102+J103) -> 0.95933333
D105: 40 | E105: =D105/1000 -> 0.04 | F105: =SUM(E105*INGREDIENTS!$D$19/1) -> 0.08 | H105: % DE MARGE BRUTE | J105: 4.85
D106: 150 | E106: =D106/1000 -> 0.15 | F106: =SUM(E106*INGREDIENTS!$D$34/1) -> 0.3 | H106: PRIX DE VENTE TTC à 5,5% | J106: =SUM((J104*J105)+J104) -> 5.6121
H107: BENEFICES BRUTS | J107: =SUM((J106-(J102+J103))) -> 4.6527667
H108: TVA | I108: TVA déductible | J108: =SUM(J102+J103)*INGREDIENTS!$J$3 -> 0.052763333
I109: TVA Collectée | J109: =J106*INGREDIENTS!$J$3 -> 0.3086655
I110: TVA Reverssée | J110: =J109-J108 -> 0.25590217

Sheet BASES BLANCHES
A1: DESIGNATION | B1: GARNITURES | D1: Qt gr | E1: Kilos | F1: COUT DE REVIENT € | H1: TOTAL REVIENT GARNITURES HT à 5,5% | J1: =SUM(F2:F8) -> 0.804 | M1: Prix moyen des Pizzas Blanches | Q1: =SUM(J5,J15,J25,J35,J45,J55,J65,J75)/8 -> 4.2504812
A2: recette 1 | B2: Crème | D2: 70 | E2: =D2/1000 -> 0.07 | F2: =SUM(E2*INGREDIENTS!$D$5/1) -> 0.14 | H2: TOTAL REVIENT PATON HT à 5,5% | J2: =INGREDIENTS!$N$11 -> 0.31933333 | M2: Cout moyen des matière 1eres | Q2: =(J3+J13+J23+J33+J43+J53+J63+J73)/8 -> 0.87983333
B3: Mozzarella | D3: 80 | E3: =D3/1000 -> 0.08 | F3: =SUM(E3*INGREDIENTS!$D$6/1) -> 0.16 | H3: TOTAL PRIX DE REVIENT | J3: =SUM(J1+J2) -> 1.1233333
F4: =SUM(E4*INGREDIENTS!$D$19/1) -> 0 | H4: % DE MARGE BRUTE | J4: 3.7
B5: Poulet | D5: 150 | E5: =D5/1000 -> 0.15 | F5: =SUM(E5*INGREDIENTS!$D$34/1) -> 0.3 | H5: PRIX DE VENTE TTC à 5,5% | J5: =SUM((J3*J4)+J3) -> 5.2796667 | M5: PIZZA | N5: Marges B | O5: Bénéfices b | P5: Prix de vente | Q5: Prix de revient
B6: Ananas | D6: 80 | E6: =D6/1000 -> 0.08 | F6: =SUM(E6*INGREDIENTS!$D$32/1) -> 0.16 | H6: BENEFICES BRUTS | J6: =SUM((J5-(J1+J2))) -> 4.1563333 | M6: recette 1 | N6: =J4 -> 3.7 | O6: =J6 -> 4.1563333 | P6: =J5 -> 5.2796667 | Q6: =J3 -> 1.1233333
B7: Curry | D7: 2 | E7: =D7/1000 -> 0.002 | F7: =SUM(E7*INGREDIENTS!$D$44/1) -> 0.004 | H7: TVA | I7: TVA déductible | J7: =SUM(J1+J2)*INGREDIENTS!$J$3 -> 0.061783333 | M7: recette 2 | N7: =J14 -> 4.09 | O7: =J16 -> 3.8827733 | P7: =J15 -> 4.8321067 | Q7: =J13 -> 0.94933333
B8: Olives Noires | D8: 20 | E8: =D8/1000 -> 0.02 | F8: =SUM(E8*INGREDIENTS!$D$29/1) -> 0.04 | I8: TVA Collectée | J8: =J5*INGREDIENTS!$J$3 -> 0.29038167 | M8: recette 3 | N8: =J24 -> 4.465 | O8: =J26 -> 3.9262233 | P8: =J25 -> 4.8055567 | Q8: =J23 -> 0.87933333
I9: TVA Reverssée | J9: =J8-J7 -> 0.22859833 | M9: recette 4 | N9: =J34 -> 2.7 | O9: =J36 -> 2.4552 | P9: =J35 -> 3.3645333 | Q9: =J33 -> 0.90933333
M10: recette 5 | N10: =J44 -> 3.92 | O10: =J46 -> 3.7605867 | P10: =J45 -> 4.71992 | Q10: =J43 -> 0.95933333
A11: DESIGNATION | B11: GARNITURES | D11: Qt gr | E11: Kilos | F11: COUT DE REVIENT € | H11: TOTAL REVIENT GARNITURES HT à 5,5% | J11: =SUM(F12:F18) -> 0.63 | M11: recette 6 | N11: =J54 -> 4.2 | O11: =J56 -> 2.9372 | P11: =J55 -> 3.6365333 | Q11: =J53 -> 0.69933333
D12: 50 | E12: =D12/1000 -> 0.05 | F12: =SUM(E12*INGREDIENTS!$D$5/1) -> 0.1 | H12: TOTAL REVIENT PATON HT à 5,5% | J12: =INGREDIENTS!$N$11 -> 0.31933333 | M12: recette 7 | N12: =J44 -> 3.92 | O12: =J66 -> 3.1512333 | P12: =J65 -> 3.9105667 | Q12: =J63 -> 0.75933333
D13: 80 | E13: =D13/1000 -> 0.08 | F13: =SUM(E13*INGREDIENTS!$D$6/1) -> 0.16 | H13: TOTAL PRIX DE REVIENT | J13: =SUM(J11+J12) -> 0.94933333 | M13: recette 8 | N13: =J74 -> 3.55 | O13: =J76 -> 2.6956333 | P13: =J75 -> 3.4549667 | Q13: =J73 -> 0.75933333
D14: 100 | E14: =D14/1000 -> 0.1 | F14: =SUM(E14*INGREDIENTS!$D$9/1) -> 0.2 | H14: % DE MARGE BRUTE | J14: 4.09
D15: 40 | E15: =D15/1000 -> 0.04 | F15: =SUM(E15*INGREDIENTS!$D$19/1) -> 0.08 | H15: PRIX DE VENTE TTC à 5,5% | J15: =SUM((J13*J14)+J13) -> 4.8321067
D16: 20 | E16: =D16/1000 -> 0.02 | F16: =SUM(E16*INGREDIENTS!$D$29/1) -> 0.04 | H16: BENEFICES BRUTS | J16: =SUM((J15-(J11+J12))) -> 3.8827733
D17: 15 | E17: =D17/1000 -> 0.015 | F17: =SUM(E17*INGREDIENTS!D31/1) -> 0.03 | H17: TVA | I17: TVA déductible | J17: =SUM(J11+J12)*INGREDIENTS!$J$3 -> 0.052213333
D18: 10 | E18: =D18/1000 -> 0.01 | F18: =SUM(E18*INGREDIENTS!$D$24/1) -> 0.02 | I18: TVA Collectée | J18: =J15*INGREDIENTS!$J$3 -> 0.26576587
I19: TVA Reverssée | J19: =J18-J17 -> 0.21355253
A21: DESIGNATION | B21: GARNITURES | D21: Qt gr | E21: Kilos | F21: COUT DE REVIENT € | H21: TOTAL REVIENT GARNITURES HT à 5,5% | J21: =SUM(F22:F28) -> 0.56
D22: 70 | E22: =D22/1000 -> 0.07 | F22: =SUM(E22*INGREDIENTS!$D$5/1) -> 0.14 | H22: TOTAL REVIENT PATON HT à 5,5% | J22: =INGREDIENTS!$N$11 -> 0.31933333
D23: 80 | E23: =D23/1000 -> 0.08 | F23: =SUM(E23*INGREDIENTS!$D$6/1) -> 0.16 | H23: TOTAL PRIX DE REVIENT | J23: =SUM(J21+J22) -> 0.87933333
D24: 40 | E24: =D24/1000 -> 0.04 | F24: =SUM(E24*INGREDIENTS!$D$18/1) -> 0.08 | H24: % DE MARGE BRUTE | J24: 4.465
D25: 40 | E25: =D25/1000 -> 0.04 | F25: =SUM(E25*INGREDIENTS!$D$8/1) -> 0.08 | H25: PRIX DE VENTE TTC à 5,5% | J25: =SUM((J23*J24)+J23) -> 4.8055567
D26: 50 | E26: =D26/1000 -> 0.05 | F26: =SUM(E26*INGREDIENTS!$D$24/1) -> 0.1 | H26: BENEFICES BRUTS | J26: =SUM((J25-(J21+J22))) -> 3.9262233
H27: TVA | I27: TVA déductible | J27: =SUM(J21+J22)*INGREDIENTS!$J$3 -> 0.048363333
I28: TVA Collectée | J28: =J25*INGREDIENTS!$J$3 -> 0.26430562
I29: TVA Reverssée | J29: =J28-J27 -> 0.21594228
A31: DESIGNATION | B31: GARNITURES | D31: Qt gr | E31: Kilos | F31: COUT DE REVIENT € | H31: TOTAL REVIENT GARNITURES HT à 5,5% | J31: =SUM(F32:F38) -> 0.59
D32: 50 | E32: =D32/1000 -> 0.05 | F32: =SUM(E32*INGREDIENTS!$D$5/1) -> 0.1 | H32: TOTAL REVIENT PATON HT à 5,5% | J32: =INGREDIENTS!$N$11 -> 0.31933333
D33: 80 | E33: =D33/1000 -> 0.08 | F33: =SUM(E33*INGREDIENTS!$D$6/1) -> 0.16 | H33: TOTAL PRIX DE REVIENT | J33: =SUM(J31+J32) -> 0.90933333
D34: 40 | E34: =D34/1000 -> 0.04 | F34: =SUM(E34*INGREDIENTS!$D$18/1) -> 0.08 | H34: % DE MARGE BRUTE | J34: 2.7
D35: 90 | E35: =D35/1000 -> 0.09 | F35: =SUM(E35*INGREDIENTS!$D$23/1) -> 0.18 | H35: PRIX DE VENTE TTC à 5,5% | J35: =SUM((J33*J34)+J33) -> 3.3645333
D36: 30 | E36: =D36/1000 -> 0.03 | F36: =SUM(E36*INGREDIENTS!$D$8/1) -> 0.06 | H36: BENEFICES BRUTS | J36: =SUM((J35-(J31+J32))) -> 2.4552
D37: 5 | E37: =D37/1000 -> 0.005 | F37: =SUM(E37*INGREDIENTS!$D$26/1) -> 0.01 | H37: TVA | I37: TVA déductible | J37: =SUM(J31+J32)*INGREDIENTS!$J$3 -> 0.050013333
I38: TVA Collectée | J38: =J35*INGREDIENTS!$J$3 -> 0.18504933
I39: TVA Reverssée | J39: =J38-J37 -> 0.135036
A41: DESIGNATION | B41: GARNITURES | D41: Qt gr | E41: Kilos | F41: COUT DE REVIENT € | H41: TOTAL REVIENT GARNITURES HT à 5,5% | J41: =SUM(F42:F48) -> 0.64
D42: 50 | E42: =D42/1000 -> 0.05 | F42: =SUM(E42*INGREDIENTS!$D$5/1) -> 0.1 | H42: TOTAL REVIENT PATON HT à 5,5% | J42: =INGREDIENTS!$N$11 -> 0.31933333
D43: 80 | E43: =D43/1000 -> 0.08 | F43: =SUM(E43*INGREDIENTS!$D$6/1) -> 0.16 | H43: TOTAL PRIX DE REVIENT | J43: =SUM(J41+J42) -> 0.95933333
D44: 40 | E44: =D44/1000 -> 0.04 | F44: =SUM(E44*INGREDIENTS!$D$19/1) -> 0.08 | H44: % DE MARGE BRUTE | J44: 3.92
D45: 150 | E45: 0.15 | F45: =SUM(E45*INGREDIENTS!$D$33/1) -> 0.3 | H45: PRIX DE VENTE TTC à 5,5% | J45: =SUM((J43*J44)+J43) -> 4.71992
D46: 0.3 | E46: 0.003 | H46: BENEFICES BRUTS | J46: =SUM((J45-(J41+J42))) -> 3.7605867
D47: 0.5 | E47: 0.005 | H47: TVA | I47: TVA déductible | J47: =SUM(J41+J42)*INGREDIENTS!$J$3 -> 0.052763333
I48: TVA Collectée | J48: =J45*INGREDIENTS!$J$3 -> 0.2595956
I49: TVA Reverssée | J49: =J48-J47 -> 0.20683227
A51: DESIGNATION | B51: GARNITURES | D51: Qt gr | E51: Kilos | F51: COUT DE REVIENT € | H51: TOTAL REVIENT GARNITURES HT à 5,5% | J51: =SUM(F52:F58) -> 0.38
D52: 50 | E52: =D52/1000 -> 0.05 | F52: =SUM(E52*INGREDIENTS!$D$5/1) -> 0.1 | H52: TOTAL REVIENT PATON HT à 5,5% | J52: =INGREDIENTS!$N$11 -> 0.31933333
D53: 80 | E53: =D53/1000 -> 0.08 | F53: =SUM(E53*INGREDIENTS!$D$6/1) -> 0.16 | H53: TOTAL PRIX DE REVIENT | J53: =SUM(J51+J52) -> 0.69933333
D54: 40 | E54: 0.04 | H54: % DE MARGE BRUTE | J54: 4.2
D55: 15 | E55: 0.015 | F55: =SUM(E55*INGREDIENTS!$D$45/1) -> 0.03 | H55: PRIX DE VENTE TTC à 5,5% | J55: =SUM((J53*J54)+J53) -> 3.6365333
D56: 35 | E56: 0.035 | F56: =SUM(E56*INGREDIENTS!$D$20/1) -> 0.07 | H56: BENEFICES BRUTS | J56: =SUM((J55-(J51+J52))) -> 2.9372
H57: TVA | I57: TVA déductible | J57: =SUM(J51+J52)*INGREDIENTS!$J$3 -> 0.038463333
D58: 10 | E58: =D58/1000 -> 0.01 | F58: =SUM(E58*INGREDIENTS!$D$24/1) -> 0.02 | I58: TVA Collectée | J58: =J55*INGREDIENTS!$J$3 -> 0.20000933
I59: TVA Reverssée | J59: =J58-J57 -> 0.161546
A61: DESIGNATION | B61: GARNITURES | D61: Qt gr | E61: Kilos | F61: COUT DE REVIENT € | H61: TOTAL REVIENT GARNITURES HT à 5,5% | J61: =SUM(F62:F68) -> 0.44
D62: 50 | E62: =D62/1000 -> 0.05 | F62: =SUM(E62*INGREDIENTS!$D$5/1) -> 0.1 | H62: TOTAL REVIENT PATON HT à 5,5% | J62: =INGREDIENTS!$N$11 -> 0.31933333
D63: 80 | E63: =D63/1000 -> 0.08 | F63: =SUM(E63*INGREDIENTS!$D$6/1) -> 0.16 | H63: TOTAL PRIX DE REVIENT | J63: =SUM(J61+J62) -> 0.75933333
D64: 80 | E64: =D64/1000 -> 0.08 | F64: =SUM(E64*INGREDIENTS!$D$6/1) -> 0.16 | H64: % DE MARGE BRUTE | J64: 4.15
D65: 10 | E65: =D65/1000 -> 0.01 | H65: PRIX DE VENTE TTC à 5,5% | J65: =SUM((J63*J64)+J63) -> 3.9105667
D66: 10 | E66: =D66/1000 -> 0.01 | F66: =SUM(E66*INGREDIENTS!$D$24/1) -> 0.02 | H66: BENEFICES BRUTS | J66: =SUM((J65-(J61+J62))) -> 3.1512333
H67: TVA | I67: TVA déductible | J67: =SUM(J61+J62)*INGREDIENTS!$J$3 -> 0.041763333
I68: TVA Collectée | J68: =J65*INGREDIENTS!$J$3 -> 0.21508117
I69: TVA Reverssée | J69: =J68-J67 -> 0.17331783
H71: TOTAL REVIENT GARNITURES HT à 5,5% | J71: =SUM(F72:F78) -> 0.44
A72: DESIGNATION | B72: GARNITURES | D72: Qt gr | E72: Kilos | F72: COUT DE REVIENT € | H72: TOTAL REVIENT PATON HT à 5,5% | J72: =INGREDIENTS!$N$11 -> 0.31933333
D73: 50 | E73: =D73/1000 -> 0.05 | F73: =SUM(E73*INGREDIENTS!$D$5/1) -> 0.1 | H73: TOTAL PRIX DE REVIENT | J73: =SUM(J71+J72) -> 0.75933333
D74: 80 | E74: =D74/1000 -> 0.08 | F74: =SUM(E74*INGREDIENTS!$D$6/1) -> 0.16 | H74: % DE MARGE BRUTE | J74: 3.55
D75: 20 | E75: =D75/1000 -> 0.02 | F75: =SUM(E75*INGREDIENTS!$D$41/1) -> 0.04 | H75: PRIX DE VENTE TTC à 5,5% | J75: =SUM((J73*J74)+J73) -> 3.4549667
D76: 50 | E76: =D76/1000 -> 0.05 | F76: =SUM(E76*INGREDIENTS!$D$40/1) -> 0.1 | H76: BENEFICES BRUTS | J76: =SUM((J75-(J71+J72))) -> 2.6956333
D77: 4 | E77: =D77/1000 -> 0.004 | F77: =SUM(E77*INGREDIENTS!$D$27/1) -> 0.008 | H77: TVA | I77: TVA déductible | J77: =SUM(J71+J72)*INGREDIENTS!$J$3 -> 0.041763333
D78: 16 | E78: =D78/1000 -> 0.016 | F78: =SUM(E78*INGREDIENTS!$D$30/1) -> 0.032 | I78: TVA Collectée | J78: =J75*INGREDIENTS!$J$3 -> 0.19002317
I79: TVA Reverssée | J79: =J78-J77 -> 0.14825983

Sheet INGREDIENTS VIERGE
A1: TYPE | B1: PRODUIT | C1: UNITE | D1: PRIX € HT | E1: MARQUE | F1: CONDITIONNER | G1: DATE
A2: Sec | B2: Farine | C2: Kg
B3: Levure | C3: Kg
A4: Bases | B4: Coulis de Tomate | C4: Kg
B5: Crème Fraiche | C5: Kg
A6: Fromages | B6: Mozzarella | C6: Kg
B7: Paremesan | C7: Kg
B8: Chèvre | C8: Kg
B9: Roquefort | C9: Kg
B10: Emmental | C10: Kg
A11: Légumes | B11: Tomates | C11: Kg
B12: Poivrons | C12: Kg
B13: Courgette | C13: Kg
B14: Piments | C14: Kg
B15: Oignons Blanc | C15: Kg
B16: Oignons Rouges | C16: Kg
B17: Echalottes | C17: Kg
B18: Ail | C18: Kg
B19: Champignon Paris | C19: Kg
B20: Cèpes | C20: Kg
B21: Roquette | C21: Kg
B22: Basilic | C22: Kg
B23: Ciboulette | C23: Kg
A24: Fruits | B24: Olives Verte | C24: Kg
B25: Olives Noir | C25: Kg
B26: Citron Jaune | C26: Kg
B27: Miel | C27: Kg
B28: Ananas | C28: Kg
A29: Viande & poissons | B29: Bœuf | C29: Kg
B30: Poulet | C30: Kg
B31: Canard magret | C31: Kg
B32: Andouillettes | C32: Kg
B33: Saumon Darnes | C33: Kg
B34: Saumon Fumé | C34: Kg
A35: Epices | B35: Sel | C35: Kg
B36: Poivre | C36: Kg
B37: Ras el hanout | C37: Kg
B38: Cury | C38: Kg
